 Dungeon Crawl Stone Soup version 0.19.1-1-g22dce08 (webtiles) character file.

18 Macro the Insei (level 2, 0/18 HPs)
             Began as a Halfling Transmuter on Jan 19, 2017.
             Succumbed to an adder's poison
             ... on level 2 of the Dungeon.
             The game lasted 00:05:12 (598 turns).

Macro the Insei (Halfling Transmuter)                Turns: 598, Time: 00:05:13

Health: 0/18       AC:  2    Str:  9 (11) XL:     2   Next: 85%
Magic:  3/4        EV: 15    Int:  9 (11) God:
Gold:   63         SH:  0    Dex: 11 (14) Spells: 1 memorised, 3 levels left

rFire  . . .     SeeInvis .       - Unarmed
rCold  . . .     Gourm    .     b - +0 robe
rNeg   . . .     Faith    .     (shield restricted)
rPois  .         Spirit   .     (no helmet)
rElec  .         Reflect  .     (no cloak)
rCorr  .         Harm     .     (no gloves)
MR     .....                    (boots currently unavailable)
Stlth  +.........               (no amulet)
                                (no ring)
                                (no ring)

@: lethally poisoned (0 -> -13), appendage (expiring), very slightly
contaminated
A: talons 3, mutation resistance 1
a: End Transformation


You were on level 2 of the Dungeon.
You were not hungry.
You had grown temporary talons.
You visited 1 branch of the dungeon, and saw 2 of its levels.

You collected 63 gold pieces.

Inventory:

Missiles
 a - 27 arrows
Armour
 b - a +0 robe (worn)
Jewellery
 m - an uncursed ring of flight {unknown}
Scrolls
 i - a scroll of identify {unknown}
 k - a scroll of enchant armour {unknown}
 l - 2 scrolls of remove curse {unknown}
 n - a scroll of teleportation {unknown}
 o - a scroll of magic mapping {unknown}
Potions
 f - a potion of mutation {unknown}
 g - a potion of invisibility {unknown}
 j - a potion of brilliance {unknown}
 r - a potion of heal wounds {unknown}
Books
 c - a book of Changes

   Spells                             Type                      Level
   a - Beastly Appendage              Transmutation                1
   b - Sticks to Snakes               Transmutation                2
   c - Spider Form                    Transmutation/Poison         3
   d - Ice Form                       Ice/Transmutation            4
   e - Blade Hands                    Transmutation                5
Comestibles
 d - a bread ration
 h - 5 fruits
 p - a slice of pizza
 q - a meat ration


   Skills:
 + Level 0.8 Fighting
 + Level 2.5 Dodging
 + Level 2.7 Unarmed Combat
 + Level 1.8 Spellcasting
 + Level 1.4 Transmutations


You had 3 spell levels left.
You knew the following spells:

 Your Spells              Type           Power        Failure   Level  Hunger
a - Beastly Appendage     Tmut           #.....       21%         1    ##.....


Dungeon Overview and Level Annotations

Branches:
Dungeon (2/15)

Altars:


Innate Abilities, Weirdness & Mutations

You are small and have problems with some larger weapons.
You are somewhat resistant to further mutation.
You have claws for feet.


Message History

You hit the adder but do no damage. Your kick misses the adder.
The adder is severely wounded.
The adder bites you.
* * * LOW HITPOINT WARNING * * *
You are lethally poisoned!
The adder poisons you!
You barely miss the adder. You claw the adder, but do no damage.
The adder is severely wounded.
The adder completely misses you.
You barely miss the adder. You claw the adder, but do no damage.
The adder is severely wounded.
* * * LOW HITPOINT WARNING * * *
You feel sick. The adder bites you.
* * * LOW HITPOINT WARNING * * *
You are more poisoned.
The adder poisons you! The adder misses you.
It was a potion of degeneration.
There was something very wrong with that liquid.
You feel weakened.
You feel dopey.
You feel clumsy.
You die...

# #.# #.. .. #
#.######.# #.#
#.(....#.# #.#
#
#####..###.#.#
#.#.#
#............#
#.#.#
#.###..###...#
#.#.# #..#
#...###...####.
....#
#......?.......
.....#
##..###@.#####
#.###........#
#S.# #
#.##.....# #..#
#< #.#.... ....
#.#........## #
#...####.#
....# .# .#


You could see an adder.

Vanquished Creatures
  3 bats
  A giant cockroach (D:1)
  A goblin (D:1)
  6 hobgoblins
  2 frilled lizards (D:2)
  A kobold (D:1)
  2 rats (D:1)
16 creatures vanquished.

Notes
Turn   | Place    | Note
-------+----------+-------------------------------------------
     0 | D:1      | Macro the Halfling Transmuter began the quest for the Orb.
     0 | D:1      | Reached XP level 1. HP: 12/12 MP: 3/3
   292 | D:1      | Reached XP level 2. HP: 18/18 MP: 2/4
   598 | D:2      | Succumbed to an adder's poison

Action                   || total
-------------------------++-------
Melee: Unarmed           ||    50
       Headbutt          ||     5
       Punch             ||     2
       Kick              ||     2
 Cast: Beastly Appendage ||    10
  Use: Potion            ||     1
 Stab: Sleeping          ||     1
Armor: Robe              ||     4
Dodge: Dodged            ||    32
